 Dungeon Crawl Stone Soup version 0.24.0-13-gcf9b319 (webtiles) character file.

Game seed: 11627785865461861076, levelgen mode: deterministic

6364 Fang the Fighter (level 10, 0/66 HPs)
             Began as a Gargoyle Berserker on Dec 16, 2019.
             Was an Elder of Trog.
             Slain by a two-headed ogre
             ... wielding a +0 giant spiked club
              (12 damage)
             ... on level 9 of the Dungeon.
             The game lasted 00:09:21 (8203 turns).

Fang the Fighter (Gargoyle Berserker)               Turns: 8203, Time: 00:09:21

Health: 0/66       AC: 26    Str: 23    XL:     10   Next: 97%
Magic:  10/10      EV:  9    Int:  9    God:    Trog [****..]
Gold:   283        SH:  4    Dex:  9    Spells: 9/9 levels left

rFire    . . .     SeeInvis .   a - +0 war axe
rCold    . . .     Gourm    .   B - +0 buckler
rNeg     + . .     Faith    .   b - +0 plate armour
rPois    ∞         Spirit   .   (no helmet)
rElec    +         Reflect  .   (no cloak)
rCorr    .         Harm     .   (no gloves)
MR       ++...                  t - +1 pair of boots
Stlth    ..........             q - amulet of regeneration
HPRegen  1.61/turn              w - +3 ring of protection
MPRegen  0.12/turn              (no ring)

@: regenerating
A: negative energy resistance 1, electricity resistance, unbreathing,
petrification resistance, rot immunity, AC +7
a: Berserk, Trog's Hand, Brothers in Arms, Renounce Religion


You were on level 9 of the Dungeon.
You worshipped Trog.
Trog was greatly pleased with you.
You were very hungry.

You visited 2 branches of the dungeon, and saw 10 of its levels.

You collected 283 gold pieces.

Inventory:

Hand Weapons
 a - a +0 war axe (weapon)
Armour
 b - a +0 plate armour (worn)
 t - a +1 pair of boots (worn)
 B - a +0 buckler (worn)
Jewellery
 q - an amulet of regeneration (around neck)
 w - a +3 ring of protection (left hand)
 z - an uncursed amulet of the gourmand
Wands
 s - a wand of flame (11)
 u - a wand of random effects (30)
Scrolls
 d - 7 scrolls of identify {unknown}
 g - 3 scrolls of blinking {unknown}
 i - 2 scrolls of remove curse {unknown}
 k - 2 scrolls of magic mapping {unknown}
 m - 4 scrolls of amnesia {unknown}
 p - 2 scrolls of immolation {unknown}
 v - a scroll of fog {unknown}
 y - 2 scrolls of teleportation {unknown}
Potions
 e - 4 potions of cancellation {unknown}
 f - 2 potions of mutation {unknown}
 h - 4 potions of curing {unknown}
 j - a potion of haste {unknown}
 l - 2 potions of heal wounds {unknown}
 n - 3 potions of lignification {unknown}
 o - a potion of flight {unknown}
 r - 2 potions of might {unknown}
Comestibles
 c - 15 rations
 x - 9 chunks of flesh


   Skills:
 + Level 9.2 Fighting
 + Level 7.6 Axes
 + Level 8.9 Armour
 + Level 6.7 Dodging
 + Level 4.9 Shields


You had 9 spell levels left.
You didn't know any spells.
Your spell library was empty.

Dungeon Overview and Level Annotations

Branches:
Dungeon (9/15)             Temple (1/1) D:5
   Lair: D:8-11         Orc: D:9-12

Altars:
Ashenzari
Cheibriados
Dithmenos
Elyvilon
Fedhas
Gozag
Hepliaklqana
Kikubaaqudgha
Makhleb
Nemelex Xobeh
Okawaru
Qazlal
Ru
Sif Muna
Trog
Uskayaw
Vehumet
Wu Jian
Xom
Yredelemnul
Zin
The Shining One
Lugonu

Shops:
D:4 (


Innate Abilities, Weirdness & Mutations

You are resistant to torment.
Your stone body is resilient. (AC +7)
You are immune to poison.
You resist negative energy. (rN+)
You are resistant to electric shocks. (rElec)
You can survive without breathing.
You are immune to petrification.
You are immune to rotting.


Message History

You are too injured to fight recklessly!
You are too injured to fight recklessly!
You are too injured to fight recklessly!
You are too injured to fight recklessly!
You are too injured to fight recklessly!
You are too injured to fight recklessly!
You are too injured to fight recklessly!
You are too injured to fight recklessly!
Your skin crawls.
You feel resistant to hostile enchantments.
You feel somewhat more hungry.
The two-headed ogre hits you with a +0 giant spiked club!!
* * * LOW HITPOINT WARNING * * *
The two-headed ogre hits you with a +0 dire flail of protection.
* * * LOW HITPOINT WARNING * * *
Found a bubbling purple potion.
You recover from your berserk rage.
You fail to use your ability.
The two-headed ogre hits you with a +0 giant spiked club!
You die...

#.####.##.# #.####.#
.......## #'#######.
...## #.#### ....##
....# ## .....## ##..#
..
......####...#####.###.#
......'...[..†WO@.......
......##.#†..###.#.###..
.....###.##..# #.# #
....## #.###.# #.# ...##
#.# #.# #!# #+# #.# #.#
#.# #.# #.# #.# #.. ...
..#


You could see a two-headed ogre and a phantom.

Vanquished Creatures
  2 two-headed ogres (D:8)
  A troll (D:9)
  Grinder (D:3)
  4 hippogriffs
  Sigmund (D:5)
  A human (D:7)
  4 hogs (D:7)
  An ice beast (D:5)
  Duvessa (D:5)
  A sky beast (D:6)
  2 orc warriors (D:7)
  6 ogres
  3 centaurs
  A bullfrog (D:7)
  Dowan (D:5)
  3 scorpions
  7 killer bees
  3 howler monkeys
  A crimson imp (D:6)
  A bullfrog zombie (D:6)
  3 orc priests
  2 jellies
  A bullfrog skeleton (D:8)
  6 hounds
  10 orc wizards
  Crazy Yiuf (D:6)
  3 iguanas (D:5)
  4 worker ants
  A hound zombie (D:5)
  12 adders
  4 gnolls (D:2)
  A howler monkey skeleton (D:7)
  4 shadow imps
  An adder skeleton (D:5)
  3 worms (D:2)
  4 dart slugs
  7 leopard geckos
  32 orcs
  2 ball pythons (D:2)
  4 giant cockroaches
  6 goblins
  7 hobgoblins
  2 jackals (D:2)
  8 kobolds
  2 quokkas (D:6)
  10 bats
  6 frilled lizards
  A jackal zombie (D:5)
  5 rats
197 creatures vanquished.

Vanquished Creatures (others)
  An orc wizard (D:5)
1 creature vanquished.

Grand Total: 198 creatures vanquished

Notes
Turn   | Place    | Note
-------+----------+-------------------------------------------
     0 | D:1      | Fang the Gargoyle Berserker began the quest for the Orb.
     0 | D:1      | Reached XP level 1. HP: 14/14 MP: 1/1
   177 | D:1      | Reached XP level 2. HP: 19/19 MP: 2/2
   648 | D:1      | Reached XP level 3. HP: 22/23 MP: 3/3
   908 | D:2      | Reached ** piety under Trog
  1058 | D:2      | Found a burning altar of Makhleb.
  1058 | D:2      | Found a hazy altar of Hepliaklqana.
  1058 | D:2      | Found a glowing silver altar of Zin.
  1088 | D:2      | Reached XP level 4. HP: 18/29 MP: 4/4
  1468 | D:2      | Reached skill level 4 in Fighting
  1966 | D:2      | Reached XP level 5. HP: 33/33 MP: 5/5
  2336 | D:3      | Noticed Grinder
  2339 | D:3      | Paralysed by Grinder for 7 turns
  2351 | D:3      | Killed Grinder
  2351 | D:3      | Reached XP level 6. HP: 26/40 MP: 6/6
  2534 | D:3      | Found a stormy altar of Qazlal.
  2613 | D:3      | Reached *** piety under Trog
  2689 | D:3      | Found a faded altar of an unknown god.
  2988 | D:4      | Found Qotushups's Antique Weapon Shoppe.
  3109 | D:4      | Reached skill level 5 in Fighting
  3249 | D:4      | Received a gift from Trog
  3249 | D:4      | Reached XP level 7. HP: 41/44 MP: 7/7
  3774 | D:4      | Found a shimmering altar of Xom.
  3775 | D:4      | Found an opulent altar of Gozag.
  3794 | D:5      | Entered Level 5 of the Dungeon
  3794 | D:5      | Noticed Dowan
  3795 | D:5      | Noticed Duvessa
  3801 | D:5      | Killed Dowan
  3805 | D:5      | Killed Duvessa
  3882 | D:5      | Reached skill level 5 in Armour
  3898 | D:5      | Reached XP level 8. HP: 21/51 MP: 8/8
  4051 | D:5      | Noticed Sigmund
  4060 | D:5      | Killed Sigmund
  4060 | D:5      | Reached skill level 6 in Fighting
  4060 | D:5      | Reached skill level 5 in Axes
  4611 | D:5      | Found a shadowy altar of Dithmenos.
  4720 | D:5      | Found a shimmering blue altar of Sif Muna.
  4786 | D:5      | Found a staircase to the Ecumenical Temple.
  4799 | Temple   | Entered the Ecumenical Temple
  5239 | D:6      | Reached **** piety under Trog
  5313 | D:6      | Reached skill level 7 in Fighting
  5313 | D:6      | Reached XP level 9. HP: 57/57 MP: 9/9
  5521 | D:6      | Found a runed translucent door.
  5522 | D:6      | Noticed Crazy Yiuf
  5622 | D:6      | Reached skill level 5 in Dodging
  5755 | D:6      | Found a snail-covered altar of Cheibriados.
  5998 | D:6      | Killed Crazy Yiuf
  6529 | D:7      | Received a gift from Trog
  6652 | D:7      | Reached skill level 1 in Shields
  7058 | D:7      | Reached skill level 8 in Fighting
  7065 | D:7      | Reached XP level 10. HP: 64/64 MP: 10/10
  7158 | D:7      | Found a hide-covered altar of Uskayaw.
  7182 | D:8      | Found an ornate altar of the Wu Jian Council.
  7346 | D:8      | Noticed a two-headed ogre
  7359 | D:8      | Killed a two-headed ogre
  7663 | D:8      | Noticed a two-headed ogre
  7672 | D:8      | Killed a two-headed ogre
  7672 | D:8      | Reached skill level 9 in Fighting
  8190 | D:9      | Noticed a two-headed ogre
  8203 | D:9      | Slain by a two-headed ogre

Levels and vault maps discovered:
D:1:      matt_arrival_spirals, layout_basic
D:2:      minmay_evil_eye, layout_loops_ring,
          gammafunk_temple_overflow_forgotten
D:3:      layout_basic, old_standard_altar, chequers_ecumenical_altar_lobes,
          uniq_grinder
D:4:      layout_basic, gammafunk_temple_overflow_statue, serial_shops, shop
D:5:      layout_basic, kennysheep_mini_moat, lemuel_blue_sif_altar,
          minmay_temple_entry_junction, first_ration, serial_bayou_pond_a,
          hangedman_decor_lopped, uniq_duvessa, uniq_sigmund
D:6:      layout_layer_cave, kennysheep_mini, hangedman_decor_clover_reticule,
          uniq_crazy_yiuf_cottage
D:7:      layout_rooms, lemuel_crystal_altar, serial_corexii_hall,
          chequers_hall_statues_corner_a, chequers_hall_statues_y,
          grunt_livestock
D:8:      layout_basic, nicolae_overflow_crystal_walls, st_stairs_7
D:9:      layout_loops_corners, lair_entry_dummy
Temple:   kb_corrupted_temple

Skill      XL: |  1  2  3  4  5  6  7  8  9 10 |
---------------+-------------------------------+-----
Axes           | 3 4 5 6 7 |  7.6
Dodging        | 2 3 4 5 6 |  6.7
Armour         | 3 4 5 6 7 8 |  8.9
Fighting       | 4 5 7 8 9 |  9.2
Shields        | 2 4 |  4.9

Action                   |  1- 3 |  4- 6 |  7- 9 | 10-12 || total
-------------------------+-------+-------+-------+-------++-------
Melee: Hand axe          |   108 |    88 |       |       ||   196
       War axe           |       |    72 |   309 |   136 ||   517
Invok: Berserk           |     1 |     3 |    10 |     4 ||    18
       Trog's Hand       |       |       |       |     1 ||     1
  Eat: Chunk             |     1 |    11 |    20 |     7 ||    39
Armor: Animal skin       |    36 |    65 |     5 |       ||   106
       Chain mail        |       |       |   252 |       ||   252
       Plate armour      |       |       |    33 |   112 ||   145
Dodge: Dodged            |    81 |   111 |   199 |    68 ||   459
Block: Buckler           |       |       |     7 |    37 ||    44
